 Dungeon Crawl Stone Soup version 0.32-a0-938-g40ac7a0f4d (console) character file.

Game seed: 7617489027814431669

18261 jSlice the Skirmisher (level 12, -4/99 HPs)
             Began as a Coglin Hunter on Apr 15, 2024.
             Was a High Priest of Okawaru.
             Slain by an elephant simulacrum (7 damage)
             ... in an ice cave.
             The game lasted 00:24:31 (10914 turns).

jSlice the Skirmisher (Coglin Hunter)              Turns: 10914, Time: 00:24:31

Health: -4/99      AC:  8    Str: 11    XL:     12   Next: 56%
Magic:  17/17      EV: 11    Int:  8    God:    Okawaru [*****.]
Gold:   458        SH:  0    Dex: 24    Spells: 11/11 levels left

rFire   + . .        H - +2 sling (elec) {Cyneburga}
rCold   + + .        a - +2 sling {Mbali}
rNeg    . . .        l - +1 leather armour {rC+}
rPois   .            (no helmet)
rElec   .            F - scarf {rC+ rF+}
rCorr   .            O - +0 pair of gloves
SInv    .            k - +2 pair of boots
Will    .....        (amulet unavailable)
Stlth   ++           (ring unavailable)
HPRegen 0.36/turn    (ring unavailable)
MPRegen 0.15/turn    (no gizmo)

%: no passive effects
@: revved
A: off-hand wielding, slow wielding, warmup strikes, no jewellery
a: Invent Gizmo, Renounce Religion, Heroism, Finesse, Duel


You were in an ice cave.
You worshipped Okawaru.
Okawaru was extremely pleased with you.
You visited 3 branches of the dungeon, and saw 15 of its levels.
You also visited: Ossuary and Ice Cave.

You collected 662 gold pieces.
You spent 204 gold pieces at shops.

Inventory:

Hand Weapons
 a - a +2 sling (offhand) {Mbali}
 d - a +0 sling {Feng}
 H - a +2 sling of electrocution (weapon) {Cyneburga}
Missiles
 t - 26 poisoned darts
 G - 2 throwing nets
Armour
 k - a +2 pair of boots (worn)
 l - a +1 leather armour of cold resistance (worn)
 E - a +2 cloak
 F - a scarf of resistance (worn)
 K - the +1 robe of Vines {NoPotionHeal Regen++++}
   (You found it on level 7 of the Dungeon)

   NoPotionHeal: Its wearer cannot be healed by potions.
   Regen++++: It increases your rate of health regeneration.
 O - a +0 pair of gloves (worn)
 R - a +2 robe of willpower
Wands
 j - a wand of quicksilver (3)
 I - a wand of polymorph (11)
 N - a wand of warping (16)
 P - a wand of paralysis (7)
Scrolls
 b - a scroll of butterflies
 c - 2 scrolls of enchant weapon {unknown}
 g - a scroll of revelation {unknown}
 p - a scroll of immolation {unknown}
 q - a scroll of blinking
 s - 7 scrolls of identify {unknown}
 u - 2 scrolls of fear {unknown}
 v - 2 scrolls of enchant armour {unknown}
 w - 3 scrolls of poison {unknown}
 y - 2 scrolls of noise
 A - 2 scrolls of amnesia
 B - a scroll of teleportation {unknown}
 C - 2 scrolls of summoning
 M - a scroll of torment {unknown}
Potions
 e - 3 potions of lignification {unknown}
 f - 4 potions of mutation {unknown}
 h - a potion of brilliance {unknown}
 i - 8 potions of haste {unknown}
 m - 4 potions of heal wounds {unknown}
 n - 3 potions of ambrosia {unknown}
 o - 2 potions of might {unknown}
 r - 2 potions of resistance {unknown}
 x - 3 potions of curing {unknown}
 z - a potion of invisibility {unknown}
 D - 2 potions of attraction {unknown}
 J - a potion of berserk rage {unknown}
 L - 2 potions of degeneration {unknown}
 Q - a potion of cancellation {unknown}


   Skills:
 + Level 10.7 Fighting
 - Level 14.0 Ranged Weapons
 - Level 2.0 Dodging
 - Level 0.7 Stealth
 * Level 7.9 Invocations


You had 11 spell levels left.
You didn't know any spells.
Your spell library contained the following spells:

 Spells                   Type           Power      Damage    Failure   Level
 Shock                    Conj/Air       0%         1d3       50%         1
 Cigotuvi's Dreadful Rot  Necr/Alch/Air  0%         N/A       65%         2
 Lesser Beckoning         Tloc           0%         N/A       65%         2
 Maxwell's Portable Pile  Tloc           0%         2d(5-13)  86%         3
 Passwall                 Erth           0%         N/A       86%         3
 Stone Arrow              Conj/Erth      0%         3d7       86%         3
 Swiftness                Air            0%         N/A       86%         3
 Teleport Other           Tloc           0%         N/A       86%         3
 Volatile Blastmotes      Fire/Tloc      0%         2d10      86%         3
 Airstrike                Air            0%         2d(0-16)  99%         4
 Dispel Undead            Necr           0%         3d6       99%         4
 Vhi's Electric Charge    Tloc/Air       0%         N/A       99%         4
 Bombard                  Conj/Erth      0%         9d1       100%        6
 Lehudib's Crystal Spear  Conj/Erth      0%         10d2      100%        8
 Animate Armour           Summ/Erth      Unusable   N/A       N/A         4
 Martyr's Knell           Necr/Summ      Unusable   N/A       N/A         4

Dungeon Overview and Level Annotations

Branches:
Dungeon (13/15)            Temple (1/1) D:7            Lair (1/5) D:11
Ossuary (visited)           IceCv (1/1)
    Orc: D:9-12      Vaults: D:13-14

Altars:
Ashenzari
Cheibriados
Dithmenos
Elyvilon
Fedhas
Gozag
Hepliaklqana
Kikubaaqudgha
Makhleb
Nemelex Xobeh
Okawaru
Qazlal
Ru
Sif Muna
Trog
Uskayaw
Vehumet
Wu Jian
Xom
Yredelemnul
Zin
The Shining One

Shops:
D:5 (   D:6 (?[[*

Annotations:
D:12 Frances


Innate Abilities, Weirdness & Mutations

You can wield a second weapon in your off-hand.
It takes a long time for you to wield or remove held weapons.
Your first few attacks do less damage.
You cannot equip rings or amulets.


Message History

The sling bullet closely misses the ufetubus.
You shoot a sling bullet. The sling bullet hits the ufetubus.
The ufetubus is heavily wounded.
The ufetubus hits you but does no damage.
The ufetubus barely misses you.
The ufetubus hits you but does no damage. x2
You shoot a sling bullet. The sling bullet hits the ufetubus!
You kill the ufetubus!
Okawaru accepts your kill.
You shoot a sling bullet. The polar bear simulacrum bites you!
* * * LOW HITPOINT WARNING * * *
The polar bear simulacrum freezes you. You resist.
* * * LOW HITPOINT WARNING * * *
The polar bear simulacrum claws you but does no damage.
The polar bear simulacrum claws you.
* * * LOW HITPOINT WARNING * * *
The polar bear simulacrum freezes you. You resist.
* * * LOW HITPOINT WARNING * * *
The elephant simulacrum closely misses you.
The elephant simulacrum misses you.
Okay, then.
You shoot a sling bullet.
The sling bullet hits the elephant simulacrum.
The elephant simulacrum is lightly damaged.
You shoot a sling bullet.
The sling bullet hits the elephant simulacrum.
Lightning courses through the elephant simulacrum!
The elephant simulacrum is heavily damaged.
An elephant simulacrum comes into view.
The polar bear simulacrum bites you!
* * * LOW HITPOINT WARNING * * *
The polar bear simulacrum freezes you. You resist.
* * * LOW HITPOINT WARNING * * *
The polar bear simulacrum closely misses you.
The polar bear simulacrum claws you.
* * * LOW HITPOINT WARNING * * *
The polar bear simulacrum freezes you. You resist.
* * * LOW HITPOINT WARNING * * *
The elephant simulacrum tramples you!
You die...

##. ##.. #≈#≈##
#≈≈≈≈≈## ≈≈≈≈≈≈≈
#### ≈≈≈≈# ##..##
#..##
##....#####.Z##
#.......##.ZZZ#
#.∩.∩......@#......Z
#..........###°Z....
##....##..## ##....
##..###### ... ####
.. .


You could see 2 elephant simulacra, a polar bear simulacrum and a troll
simulacrum.

Vanquished Creatures
  4 two-headed ogres
  2 tengu warriors (D:13)
  3 deep elf pyromancers (D:12)
  3 deep elf zephyrmancers (D:12)
  An ugly thing (D:11)
  2 cyclopes (D:11)
  A manticore (D:12)
  A meliai (shapeshifter) (D:12)
  A kobold demonologist (D:12)
  An unseen horror (D:11)
  5 trolls
  A hornet (D:9)
  6 slime creatures (D:13)
  A shadow (D:11)
  A wraith (D:13)
  9 yaks
  A steam dragon (D:7)
  4 vampire mosquitoes
  3 death yak simulacra (IceCv)
  An acid dragon (D:13)
  3 water moccasins
  An orc warrior (D:9)
  2 ice beasts
  3 sky beasts
  2 laughing skulls (D:9)
  3 ogres (D:5)
  2 centaurs
  A phantom (D:7)
  2 kobold brigands (D:8)
  A bullfrog (D:8)
  A scorpion (D:5)
  A cane toad simulacrum (IceCv)
  4 wights (D:10)
  19 killer bees
  5 howler monkeys
  3 bullfrog zombies (Ossuary)
  5 orc priests
  3 hounds
  4 jellies
  A bombardier beetle (D:7)
  Crazy Yiuf (D:5)
  6 sleepcaps
  2 iguanas
  9 mummies (Ossuary)
  Natasha (D:2)
  14 orc wizards
  2 polar bear simulacra (IceCv)
  A killer bee zombie (Ossuary)
  3 crocodile zombies (Ossuary)
  4 hound zombies (Ossuary)
  2 howler monkey zombies (Ossuary)
  6 adders
  4 gnolls (D:6)
  A naga simulacrum (IceCv)
  3 white imps
  An ufetubus (IceCv)
  5 dart slugs
  A ribbon worm (D:4)
  38 orcs
  5 endoplasms
  A giant cockroach (D:4)
  8 goblins
  6 hobgoblins
  2 jackals (D:1)
  6 quokkas
  6 ball pythons
  2 ball python zombies (Ossuary)
  5 bats
  2 frilled lizards
  19 kobolds
  A rat (D:1)
  2 rat zombies (D:5)
286 creatures vanquished.

Notes
Turn   | Place    | Note
-------+----------+-------------------------------------------
     0 | D:1      | jSlice the Coglin Hunter began the quest for the Orb.
     0 | D:1      | Reached XP level 1. HP: 16/16 MP: 1/1
   205 | D:1      | Reached XP level 2. HP: 22/22 MP: 2/2
   306 | D:1      | Found a faded altar of an unknown god.
   436 | D:1      | Reached skill level 4 in Ranged Weapons
   711 | D:1      | Reached XP level 3. HP: 19/28 MP: 3/3
  1185 | D:2      | Noticed Natasha
  1189 | D:2      | Killed Natasha
  1190 | D:2      | Reached XP level 4. HP: 35/35 MP: 4/4
  1853 | D:3      | Reached XP level 5. HP: 41/41 MP: 5/5
  1924 | D:3      | Reached skill level 5 in Ranged Weapons
  2002 | D:3      | Found an ancient bone altar of Kikubaaqudgha.
  2433 | D:4      | Reached XP level 6. HP: 48/48 MP: 6/6
  2516 | D:4      | Found a blossoming altar of Fedhas.
  2906 | D:5      | Entered Level 5 of the Dungeon
  2965 | D:5      | Found a sand-covered staircase.
  2972 | Ossuary  | Entered an ossuary
  3000 | Ossuary  | Reached skill level 6 in Ranged Weapons
  3181 | Ossuary  | Reached XP level 7. HP: 44/55 MP: 7/7
  3449 | Ossuary  | Reached skill level 7 in Ranged Weapons
  3456 | Ossuary  | Reached skill level 5 in Fighting
  3761 | D:5      | Reached XP level 8. HP: 41/63 MP: 8/8
  3939 | D:5      | Found Wisaots's Antique Weapon Boutique.
  3950 | D:5      | Reached skill level 8 in Ranged Weapons
  4179 | D:5      | Found a runed translucent door.
  4180 | D:5      | Noticed Crazy Yiuf
  4212 | D:5      | Found a shimmering blue altar of Sif Muna.
  4608 | D:5      | Killed Crazy Yiuf
  5053 | D:6      | Reached skill level 9 in Ranged Weapons
  5068 | D:6      | Found Maocs's Armour Shoppe.
  5069 | D:6      | Found Aggidgh's Armour Emporium.
  5074 | D:6      | Found Leatoa's Weapon Shop.
  5075 | D:6      | Found Jyinwaeng's Magic Scroll Shop.
  5075 | D:6      | Found Zuerchie's General Store.
  5108 | D:6      | Bought a +2 sling of electrocution for 204 gold pieces
  5230 | D:6      | Reached XP level 9. HP: 71/71 MP: 9/9
  5230 | D:6      | Found a stormy altar of Qazlal.
  5892 | D:7      | Found a burning altar of Makhleb.
  5943 | D:7      | Reached skill level 10 in Ranged Weapons
  6279 | D:7      | Found a staircase to the Ecumenical Temple.
  6285 | Temple   | Entered the Ecumenical Temple
  6389 | D:7      | Noticed a troll
  6403 | D:7      | Killed a troll
  6488 | D:7      | Noticed a troll
  6578 | D:7      | Killed a troll
  6811 | D:7      | Found the +1 robe of Vines {NoPotionHeal Regen++++}
  6835 | D:7      | Noticed a troll
  6847 | D:7      | Killed a troll
  6848 | D:7      | Reached skill level 11 in Ranged Weapons
  6848 | D:7      | Reached XP level 10. HP: 81/81 MP: 10/10
  7383 | D:8      | Found an iron altar of Okawaru.
  7392 | D:8      | Became a worshipper of Warmaster Okawaru
  7822 | D:9      | Found a sparkling altar of Nemelex Xobeh.
  7938 | D:9      | Reached skill level 1 in Invocations
  8001 | D:9      | Reached * piety under Okawaru
  8116 | D:9      | Noticed a two-headed ogre
  8135 | D:9      | Killed a two-headed ogre
  8136 | D:9      | Reached skill level 12 in Ranged Weapons
  8446 | D:10     | Entered Level 10 of the Dungeon
  8690 | D:11     | Found a staircase to the Lair.
  8701 | Lair:1   | Entered Level 1 of the Lair of Beasts
  8707 | Lair:1   | Reached ** piety under Okawaru
  8764 | D:11     | Reached XP level 11. HP: 88/89 MP: 12/12
  8820 | D:11     | Noticed a cyclops
  8889 | D:10     | Reached skill level 10 in Fighting
  8987 | D:10     | Reached skill level 13 in Ranged Weapons
  9002 | D:10     | Noticed a two-headed ogre
  9010 | D:10     | Killed a two-headed ogre
  9010 | D:10     | Reached *** piety under Okawaru
  9149 | D:10     | Found an ornate altar of the Wu Jian Council.
  9494 | D:11     | Noticed a two-headed ogre
  9503 | D:11     | Killed a two-headed ogre
  9507 | D:11     | Noticed a cyclops
  9513 | D:11     | Killed a cyclops
  9664 | D:11     | Killed a cyclops
  9664 | D:11     | Reached **** piety under Okawaru
  9702 | D:11     | Noticed a red ugly thing
  9713 | D:11     | Killed a red ugly thing
  9714 | D:11     | Reached skill level 14 in Ranged Weapons
  9986 | D:12     | Noticed a manticore
 10019 | D:12     | Killed a manticore
 10029 | D:11     | Reached ***** piety under Okawaru
 10097 | D:12     | Noticed a deep elf pyromancer
 10103 | D:12     | Killed a deep elf pyromancer
 10104 | D:12     | Reached skill level 5 in Invocations
 10159 | D:12     | Noticed a deep elf zephyrmancer
 10160 | D:12     | Noticed a deep elf pyromancer
 10162 | D:12     | Noticed Frances
 10162 | D:12     | Noticed a deep elf zephyrmancer
 10163 | D:12     | Noticed a deep elf pyromancer
 10166 | D:12     | Noticed a deep elf zephyrmancer
 10166 | D:12     | Noticed a deep elf pyromancer
 10289 | D:12     | Noticed a deep elf zephyrmancer
 10293 | D:12     | Noticed a deep elf pyromancer
 10300 | D:12     | Noticed a two-headed ogre
 10301 | D:12     | Killed a deep elf pyromancer
 10301 | D:12     | Received a gift from Okawaru
 10302 | D:12     | Reached XP level 12. HP: 67/97 MP: 14/16
 10313 | D:12     | Killed a two-headed ogre
 10394 | D:12     | Noticed a soul eater
 10700 | D:13     | Noticed a tengu warrior
 10712 | D:13     | Killed a tengu warrior
 10724 | D:13     | Noticed a tengu warrior
 10732 | D:13     | Killed a tengu warrior
 10784 | D:13     | Found a frozen archway.
 10813 | IceCv    | Entered an ice cave
 10914 | IceCv    | HP: 3/99 [polar bear simulacrum (4)]
 10914 | IceCv    | Slain by an elephant simulacrum

Illustrated notes

Levels and vault maps discovered:
D:1:      roderic_chinese_lattice_arrival, layout_loops_corners,
          hellmonk_ecumenical_altar_slurped_away
D:2:      layout_loops_ring, uniq_natasha
D:3:      layout_basic, kiku_gazebo_garden_becter
D:4:      layout_loops_ring, mainiacjoe_overflow_surrounded_room
D:5:      layout_basic, lemuel_blue_sif_altar, enter_ossuary_4,
          minmay_shop_grid_forest, uniq_crazy_yiuf_cottage
D:6:      layout_loops_ring, mainiacjoe_overflow_boulevard,
          chequers_serial_rivers_room_a, minivault_24, nicolae_wooded_promenade
D:7:      layout_basic, mainiacjoe_overflow_concentric_impassable, temple_green,
          hellmonk_guarded_unrand_vines
D:8:      layout_rooms, kennysheep_okawaru_gauntlet
D:9:      layout_basic, lemuel_tele_altar
D:10:     layout_cross, mainiacjoe_overflow_alcove_4
D:11:     layout_cave_pools, lair_entry_dummy
D:12:     layout_roguey, hiddenorc2_lemuel, elves_outpost_lemuel, uniq_frances
D:13:     layout_loops_corners, portal_ice_cave_entry_pillars_1,
          gammafunk_ghost_necromancy
Temple:   nicolae_temple_bog_church
Lair:1:   layout_regular_city, chequers_serial_rivers_marsh, uniq_jeremiah,
          uniq_amaemon, uniq_fannar
IceCv:    ice_cave_small_necro

Skill      XL: |  1  2  3  4  5  6  7  8  9 10 11 12 |
---------------+-------------------------------------+-----
Dodging        | 2 |  2.0
Ranged Weapons | 4 5 6 7 9 11 12 14 | 14.0
Fighting       | 3 4 5 6 8 9 10 | 10.7
Invocations    | 2 5 7 |  7.9
Stealth        | |  0.7

Action                     |  1- 3 |  4- 6 |  7- 9 | 10-12 || total
---------------------------+-------+-------+-------+-------++-------
  Melee: Sling             |       |     6 |    12 |       ||    18
   Fire: Sling             |   132 |   270 |   580 |   996 ||  1978
  Throw: Dart              |       |       |    12 |     8 ||    20
         Throwing net      |       |       |     2 |       ||     2
 Invoke: Heroism           |       |       |       |     1 ||     1
    Use: Scroll            |       |       |       |     4 ||     4
 Armour: Leather armour    |     8 |     1 |    76 |    34 ||   119
         Skin              |       |    30 |    41 |       ||    71
         Robe              |       |       |       |   177 ||   177
  Dodge: Dodged            |     8 |    22 |    62 |   200 ||   292

Table legend: (Time is in decaauts)
 A = Elapsed time spent in this place.
 B = Non-inter-level travel time spent in this place.
 C = Inter-level travel time spent in this place.
 D = Time resting spent in this place.
 E = Time spent auto-exploring this place.
 F = Levels seen in this place.
 G = Mean time per level.
                   A        B        C        D        E       F      G
               +--------+--------+--------+--------+--------+-----+--------+
         Total |  10858 |  10395 |    463 |   1521 |   7110 |  17 |  638.7 |
       Dungeon |   9920 |   9457 |    463 |   1171 |   6759 |  13 |  763.1 |
        Temple |      4 |      4 |      0 |      0 |      0 |   1 |    4.0 |
          Lair |     43 |     43 |      0 |     21 |      0 |   1 |   43.0 |
       Ossuary |    797 |    797 |      0 |    276 |    342 |   1 |  797.0 |
      Ice Cave |     91 |     91 |      0 |     53 |      9 |   1 |   91.0 |
               +--------+--------+--------+--------+--------+-----+--------+

Top non-repeatable levels by time:
     D:5: 1211 daAuts
     D:7: 1176 daAuts
     D:1: 1005 daAuts
     D:9: 972 daAuts
    D:11: 896 daAuts
     D:6: 844 daAuts
     D:4: 825 daAuts
 Ossuary: 797 daAuts
     D:2: 710 daAuts
    D:10: 622 daAuts
     D:8: 576 daAuts
     D:3: 396 daAuts
    D:13: 386 daAuts
    D:12: 298 daAuts
   IceCv: 91 daAuts
